 Dungeon Crawl Stone Soup version 0.30-b1-2-g02819fbbbe (webtiles) character file.

Game seed: 4107208721642563701

56 Fartwhistle the Skirmisher (level 3, -1/31 HPs)
             Began as a Gnoll Hunter on Sept 12, 2023.
             Slain by Terence
             ... wielding a +4 hand axe
              (7 damage)
             ... on level 2 of the Dungeon.
             The game lasted 00:02:13 (1153 turns).

Fartwhistle the Skirmisher (Gnoll Hunter)           Turns: 1153, Time: 00:02:14

Health: -1/31      AC:  5    Str: 10    XL:     3   Next: 95%
Magic:  4/4        EV: 12    Int: 10    God:
Gold:   63         SH:  0    Dex: 15    Spells: 4/4 levels left

rFire   + . .        a - +0 shortbow
rCold   . . .        (shield currently unavailable)
rNeg    . . .        j - +0 ring mail
rPois   .            (no helmet)
rElec   .            (no cloak)
rCorr   .            (no gloves)
SInv    .            (no boots)
Will    .....        (no amulet)
Stlth   +            q - ring of protection from fire
HPRegen 0.25/turn    (no ring)
MPRegen 0.09/turn

%: no passive effects
@: brilliant, flying
A: fangs 1, strong nose, distributed training
a: no special abilities


You were on level 2 of the Dungeon.
You visited 1 branch of the dungeon, and saw 3 of its levels.

You collected 63 gold pieces.

Inventory:

Hand Weapons
 a - a +0 shortbow (weapon)
Missiles
 h - a throwing net
 n - 7 poisoned darts
Armour
 c - a +0 leather armour
 f - a +0 buckler
 j - a +0 ring mail (worn)
Jewellery
 q - a ring of protection from fire (left hand)
Scrolls
 b - a scroll of immolation
 d - 4 scrolls of identify {unknown}
 g - a scroll of amnesia {unknown}
 i - a scroll of vulnerability {unknown}
 k - a scroll of teleportation {unknown}
 r - a scroll of noise {unknown}
Potions
 e - a potion of flight
 m - a potion of invisibility {unknown}
 o - a potion of curing {unknown}
 p - a potion of ambrosia {unknown}


   Skills:
 + Level 4.6 Fighting
 + Level 1.0 Short Blades
 + Level 1.0 Long Blades
 + Level 1.0 Axes
 + Level 1.0 Maces & Flails
 + Level 1.0 Polearms
 + Level 1.0 Staves
 + Level 8.5 Ranged Weapons
 + Level 1.0 Throwing
 + Level 1.0 Armour
 + Level 4.6 Dodging
 + Level 2.5 Stealth
 + Level 1.0 Shields
 + Level 1.0 Unarmed Combat
 + Level 1.0 Spellcasting
 + Level 0.7 Conjurations
 + Level 0.7 Hexes
 + Level 0.7 Summonings
 + Level 0.7 Necromancy
 + Level 0.7 Translocations
 + Level 0.7 Transmutations
 + Level 0.7 Fire Magic
 + Level 0.7 Ice Magic
 + Level 0.7 Air Magic
 + Level 0.7 Earth Magic
 + Level 0.7 Poison Magic
 + Level 1.1 Invocations
 + Level 1.0 Evocations


You had 4 spell levels left.
You didn't know any spells.
Your spell library was empty.

Dungeon Overview and Level Annotations

Branches:
Dungeon (3/15)

Altars:
Xom

Annotations:
D:1 1 transporter
D:2 Terence


Innate Abilities, Weirdness & Mutations

You have very sharp teeth.
Your uncanny sense of smell can sniff out nearby items.
Your experience applies equally to all skills.


Message History

Search for what [? for help]? .
(D) Dungeon
Where to? (? - help)
There is a stone staircase leading down here.
You climb downwards.
There is a stone staircase leading up here.
There are monsters nearby!
You shoot an arrow. The arrow hits the orc wizard.
The orc wizard shouts!
The orc wizard is moderately wounded.
The orc shouts!
Terence shouts!
The orc shouts!
You hear a shout! x2
An orc comes into view. It is wielding a +0 short sword.
The orc wizard casts a spell at you.
You are confused.
Terence hits you with a +4 hand axe! The orc wizard barely misses you.
Unknown command.
Terence closely misses you. The orc wizard closely misses you.
In your confused state, you trip and fall back down the stairs.
The orc wizard casts a spell at you. The magic dart hits you!
Terence hits you with a +4 hand axe.
Unknown command.
Unknown command.
Terence hits you with a +4 hand axe.
* * * LOW HITPOINT WARNING * * *
The orc wizard hits you with a +0 dagger.
* * * LOW HITPOINT WARNING * * *
You climb upwards.
There is a stone staircase leading down here.
Unknown command.
It was a potion of flight.
You feel very buoyant.
You fly up into the air.
You feel less confused.
The orc wizard hits you but does no damage.
Terence barely misses you.
It was a potion of brilliance.
You feel clever all of a sudden.
The orc wizard hits you but does no damage.
Terence hits you with a +4 hand axe!
You die...

..## #.######..#.#
#.# #.# ..#
#.........#.# #.#
#.## #.#
#########.#.# #.#
#..# #.# #.#.# #.#
##.# #.# #.#.####.#
#.# #.#
##########........#
#.# #.#
#.............#####
#.#
#.###.##########..#
#)# .#....# ##@o#
#.# #.##### #@..#
#.# .#.#######
#.#.# #.#
###......# #.#.#
######.# .#..####.#
#.#.####......##
#.#.# #.#
#.#.#..........####
.##.# #.#
#.#.#.##.#####.....
.##.####.#
#.#.#.##.# ######
.........#
#.#.#....#


You could see Terence and an orc wizard.

Vanquished Creatures
  An adder (D:2)
  2 dart slugs (D:2)
  2 ball pythons
  5 bats
  4 endoplasms
  3 giant cockroaches
  3 goblins
  3 hobgoblins
  4 jackals
  A kobold (D:1)
  3 quokkas
  A frilled lizard (D:1)
  3 rats
35 creatures vanquished.

Notes
Turn   | Place    | Note
-------+----------+-------------------------------------------
     0 | D:1      | Fartwhistle the Gnoll Hunter began the quest for the Orb.
     0 | D:1      | Reached XP level 1. HP: 20/20 MP: 1/1
   144 | D:1      | Reached XP level 2. HP: 26/26 MP: 2/2
   430 | D:2      | Found a shimmering altar of Xom.
   504 | D:2      | Reached XP level 3. HP: 31/31 MP: 3/3
   601 | D:2      | Reached skill level 1 in Invocations
   655 | D:2      | You fall into a shaft and drop 1 floor!
   885 | D:2      | Reached skill level 1 in Short Blades
   885 | D:2      | Reached skill level 1 in Long Blades
   885 | D:2      | Reached skill level 1 in Axes
   885 | D:2      | Reached skill level 1 in Maces & Flails
   885 | D:2      | Reached skill level 1 in Polearms
   885 | D:2      | Reached skill level 1 in Staves
   885 | D:2      | Reached skill level 1 in Throwing
   885 | D:2      | Reached skill level 1 in Armour
   885 | D:2      | Reached skill level 1 in Shields
   885 | D:2      | Reached skill level 1 in Unarmed Combat
   885 | D:2      | Reached skill level 1 in Spellcasting
   885 | D:2      | Reached skill level 1 in Evocations
  1146 | D:3      | Noticed Terence
  1153 | D:2      | Slain by Terence

Illustrated notes

Levels and vault maps discovered:
D:1:      spicycebolla_arrival_risky_transporter, layout_rooms, minmay_tripent
D:2:      layout_loops_ring, basic_altar
D:3:      kennysheep_goblin_castle, layout_basic, st_stairs_2,
          skrybe_limestone_x, uniq_terence

Skill      XL: |  1  2  3 |
---------------+----------+-----
Invocations    | 1 |  1.1
Short Blades   | 1 |  1.0
Long Blades    | 1 |  1.0
Axes           | 1 |  1.0
Maces & Flails | 1 |  1.0
Polearms       | 1 |  1.0
Staves         | 1 |  1.0
Throwing       | 1 |  1.0
Armour         | 1 |  1.0
Shields        | 1 |  1.0
Unarmed Combat | 1 |  1.0
Spellcasting   | 1 |  1.0
Evocations     | 1 |  1.0
Fighting       | |  4.6
Ranged Weapons | |  8.5
Dodging        | |  4.6
Stealth        | |  2.5
Conjurations   | |  0.7
Hexes          | |  0.7
Summonings     | |  0.7
Necromancy     | |  0.7
Translocations | |  0.7
Transmutations | |  0.7
Fire Magic     | |  0.7
Ice Magic      | |  0.7
Air Magic      | |  0.7
Earth Magic    | |  0.7
Poison Magic   | |  0.7

Action                     || total
---------------------------++-------
   Fire: Shortbow          ||    74
    Use: Potion            ||     2
 Armour: Ring mail         ||     6
  Dodge: Dodged            ||    13
